 Dungeon Crawl Stone Soup version 0.30-a0-613-gdd512c7efb (webtiles) character file.

Game seed: 11212773660528149884

842 acebull12 the Poker (level 7, -2/48 (53) HPs)
             Began as a Demonspawn Gladiator on Jan 8, 2023.
             Slain by Maggie
             ... wielding a +1 morningstar of draining
              (4 damage)
             ... on level 6 of the Dungeon.
             The game lasted 00:15:24 (5943 turns).

acebull12 the Poker (Demonspawn Gladiator)          Turns: 5943, Time: 00:15:25

HP:   -2/48 (53)    AC: 14    Str: 16    XL:     7   Next: 67%
MP:   0/7           EV: 12    Int: 10    God:
Gold: 296           SH:  0    Dex: 18    Spells: 6/6 levels left

rFire   . . .      SeeInvis +    F - +6 war axe "Soliodwe" {heavy, rC+ Dex+4}
rCold   + + .      Faith    .    (no shield)
rNeg    . . .      Spirit   +    D - +0 ring mail
rPois   .          Reflect  .    (helmet restricted)
rElec   .          Harm     .    (no cloak)
rCorr   .          Rampage  .    (no gloves)
Will    .....                    (no boots)
Stlth   +                        B - amulet of guardian spirit
HPRegen 0.28/turn                q - ring of protection from cold
MPRegen 0.10/turn                E - ring of see invisible

@: sanguine armoured, mesmerised, drained
A: antennae 1, sanguine armour 2
a: no special abilities


You were on level 6 of the Dungeon.
You visited 1 branch of the dungeon, and saw 6 of its levels.

You collected 296 gold pieces.

Inventory:

Hand Weapons
 a - a +0 trident
 s - a +0 long sword of freezing
 w - a +0 halberd
 F - the +6 war axe "Soliodwe" (weapon) {heavy, rC+ Dex+4}
   (You found it on level 5 of the Dungeon)

   Dex:       It affects your dexterity (+4).
   rC:        It protects you from cold.
Missiles
 d - 2 throwing nets (quivered)
 e - a javelin
Armour
 b - a +0 leather armour
 u - a +0 chain mail
 D - a +0 ring mail (worn)
Jewellery
 q - a ring of protection from cold (left hand)
 x - a ring of protection from cold
 B - an amulet of guardian spirit (around neck)
 C - a ring of fire
 E - a ring of see invisible (right hand)
Wands
 o - a wand of flame (39)
 y - a wand of mindburst (3)
Scrolls
 c - 3 scrolls of fear {unknown}
 f - a scroll of enchant armour {unknown}
 g - 2 scrolls of vulnerability {unknown}
 j - a scroll of summoning {unknown}
 k - 2 scrolls of teleportation {unknown}
 m - a scroll of blinking {unknown}
 n - 2 scrolls of fog {unknown}
 t - a scroll of magic mapping {unknown}
 z - a scroll of immolation {unknown}
 G - a scroll of identify {unknown}
Potions
 h - a potion of attraction {unknown}
 i - 6 potions of curing {unknown}
 l - a potion of invisibility {unknown}
 p - 2 potions of berserk rage {unknown}
 r - a potion of mutation {unknown}
 v - a potion of lignification {unknown}
 A - a potion of heal wounds {unknown}


   Skills:
 + Level 3.7 Fighting
 + Level 3.3 Long Blades
 + Level 2.2(3.4) Axes
 + Level 4.0(4.3) Polearms
 - Level 1.7 Throwing
 + Level 3.5 Armour
 + Level 3.7 Dodging
 + Level 1.7 Stealth


You had 6 spell levels left.
You didn't know any spells.
Your spell library contained the following spells:

 Spells                   Type           Power      Damage    Failure   Level
 Gell's Gravitas          Tloc           0%         N/A       91%         3
 Lesser Beckoning         Tloc           0%         N/A       91%         3
 Teleport Other           Tloc           0%         N/A       91%         3


Dungeon Overview and Level Annotations

Branches:
Dungeon (6/15)
 Temple: D:4-7

Altars:
Dithmenos
Gozag
Trog

Shops:
D:4 :

Annotations:
D:4 3 runed translucent doors, CraigOfTheCreek's ghost, amateur TeRe; OTABOTABOTAB's ghost, novice FoFi; wormed's ghost, amateur NaFi
D:6 Maggie


Innate Abilities, Weirdness & Mutations

You have a pair of small antennae on your head.
When seriously injured, your blood forms thick armour. (AC +9)


Message History

You hit Maggie.
Maggie is lightly wounded.
Maggie hits you with a +1 morningstar of draining!
You feel drained.
Maggie gives herself a magical halo, but it quickly sputters out.
Maggie points at you and mumbles some strange words.
The bolt of fire misses you. Maggie attacks as you move away!
Maggie barely misses you.
Maggie casts a spell.
Maggie attempts to bespell you!
You are mesmerised by Maggie!
There is a stone staircase leading up here.
You cannot move away from Maggie!
You cannot move away from Maggie!
You slice the gnoll!!
You kill the gnoll!
Maggie barely misses you. The gnoll hits you with a +0 club.
You barely miss Maggie.
Maggie is lightly wounded.
You barely miss the gnoll. You slash the gnoll!
You kill the gnoll!
An orc comes into view.
It is wielding a +0 morningstar of freezing.
Maggie barely misses you. The gnoll hits you with a +0 whip.
Your blood congeals into armour.
Maggie barely misses you. The gnoll barely misses you.
You barely miss Maggie.
Maggie is lightly wounded.
You slash the gnoll! x2
Maggie hits you with a +1 morningstar of draining!
You feel drained. The gnoll hits you with a +0 whip.
The gnoll hits you with a +0 club. The gnoll closely misses you.
The gnoll misses you.
Maggie points at you and mumbles some strange words.
The bolt of fire hits you!
* * * LOW HITPOINT WARNING * * *
You closely miss the gnoll.
The gnoll is severely wounded.
You closely miss the gnoll. You slash Maggie!
Maggie hits you with a +1 morningstar of draining.
You die...

### ... ##.. .
... . ..
#..#######..
..##.#.......?#
...............
...##.#gg.###..
.......@@.o.....
........)......#
$...............
...#....#.###...
.. .. #.
#....#.### ##
.## ... .
........ ....
..#...#
.....##.###.#.
..#.. .###..
..... .... .!)
..# #


You could see Maggie (mesmerising), 2 gnolls and an orc.

Vanquished Creatures
  An ice beast (D:5)
  3 ogres (D:5)
  An orc priest (D:2)
  2 iguanas
  A gnoll bouda (D:5)
  Terence (D:2)
  An orc wizard (D:4)
  12 adders
  9 gnolls
  A white imp (D:5)
  5 worms
  2 dart slugs (D:5)
  21 orcs
  5 ball pythons
  7 bats
  7 endoplasms
  5 goblins
  8 hobgoblins
  8 jackals
  5 kobolds
  3 quokkas
  A frilled lizard (D:2)
  3 rats (D:5)
112 creatures vanquished.

Vanquished Creatures (others)
  5 fungi (D:2)
  3 plants (D:2)
8 creatures vanquished.

Grand Total: 120 creatures vanquished

Notes
Turn   | Place    | Note
-------+----------+-------------------------------------------
     0 | D:1      | acebull12 the Demonspawn Gladiator began the quest for the
                  | Orb.
     0 | D:1      | Reached XP level 1. HP: 16/16 MP: 1/1
   115 | D:1      | Reached skill level 3 in Polearms
   115 | D:1      | Gained mutation: You have a pair of small antennae on your
                  | head. [demonic ancestry]
   115 | D:1      | Reached XP level 2. HP: 22/22 MP: 2/2
   828 | D:2      | Gained mutation: When seriously injured, your blood forms
                  | armour. (AC +9) [demonic ancestry]
   828 | D:2      | Reached XP level 3. HP: 18/27 MP: 3/3
   909 | D:2      | Found a faded altar of an unknown god.
   963 | D:2      | Noticed Terence
   979 | D:2      | Killed Terence
   980 | D:2      | Reached skill level 1 in Armour
   980 | D:2      | Reached XP level 4. HP: 5/33 MP: 4/4
  2048 | D:3      | Reached XP level 5. HP: 39/39 MP: 5/5
  2096 | D:3      | Found an opulent altar of Gozag.
  2313 | D:3      | Reached skill level 1 in Stealth
  2662 | D:2      | Reached skill level 4 in Polearms
  3256 | D:4      | Reached skill level 1 in Long Blades
  3621 | D:3      | Reached XP level 6. HP: 22/46 MP: 6/6
  4084 | D:4      | Found Ykuff's Tremendous Tomes.
  4114 | D:4      | Found a runed translucent gate.
  4115 | D:4      | Found a runed translucent gate.
  4116 | D:4      | Found a runed translucent gate.
  4118 | D:4      | Noticed wormed's ghost (amateur NaFi)
  4118 | D:4      | Noticed CraigOfTheCreek's ghost (amateur TeRe)
  4118 | D:4      | Noticed OTABOTABOTAB's ghost (novice FoFi)
  4284 | D:5      | Entered Level 5 of the Dungeon
  4341 | D:5      | Found a shadowy altar of Dithmenos.
  4717 | D:5      | Noticed a moth of wrath
  4720 | D:5      | Found a bloodstained altar of Trog.
  4766 | D:5      | Identified the +6 war axe "Soliodwe" {heavy, rC+ Dex+4}
  4835 | D:5      | Noticed an ice beast
  4845 | D:5      | Killed an ice beast
  4846 | D:5      | Gained mutation: When seriously injured, your blood forms
                  | thick armour. (AC +9) [demonic ancestry]
  4846 | D:5      | Reached XP level 7. HP: 34/52 MP: 7/7
  5228 | D:5      | Reached skill level 1 in Axes
  5900 | D:6      | Noticed a steam dragon
  5935 | D:6      | Noticed Maggie
  5942 | D:6      | HP: 2/48 [Maggie/bolt of fire (14)]
  5943 | D:6      | Slain by Maggie

Illustrated notes

Levels and vault maps discovered:
D:1:      mrwooster_arrival_arrow, layout_rooms, roderic_lattice_a,
          minmay_distorted
D:2:      layout_basic, shapermc_ecumenical_altar_mp_urbaneastern, basic_altar,
          uniq_terence
D:3:      layout_basic, marbit_many_paths
D:4:      layout_rooms, gammafunk_ghost_cemetery, nicolae_shop_i_like_big_books
D:5:      layout_loops_corners, tgw_trog, kennysheep_little_box
D:6:      layout_basic, lemuel_crystal_altar, jmf_multi_god_temple,
          serial_shops, nicolae_take_the_stairs, uniq_maggie

Skill      XL: |  1  2  3  4  5  6  7 |
---------------+----------------------+-----
Polearms       | 3 4 |  4.0
Dodging        | 3 |  3.7
Armour         | 1 2 3 |  3.5
Stealth        | 1 |  1.7
Long Blades    | 1 3 |  3.3
Fighting       | 3 |  3.7
Axes           | 2 |  2.2
Throwing       | |  1.7

Action                   |  1- 3 |  4- 6 |  7- 9 || total
-------------------------+-------+-------+-------++-------
Melee: Trident           |   110 |   117 |       ||   227
       Punch             |       |     3 |       ||     3
       Long sword        |       |   170 |       ||   170
       War axe           |       |     6 |    34 ||    40
Throw: Throwing net      |     2 |     2 |       ||     4
 Stab: Sleeping          |     1 |     6 |       ||     7
Armor: Leather armour    |    33 |    66 |       ||    99
       Ring mail         |       |    10 |     5 ||    15
Dodge: Dodged            |   105 |   168 |    35 ||   308

Table legend: (Time is in decaauts)
 A = Elapsed time spent in this place.
 B = Non-inter-level travel time spent in this place.
 C = Inter-level travel time spent in this place.
 D = Time resting spent in this place.
 E = Time spent auto-exploring this place.
 F = Levels seen in this place.
 G = Mean time per level.
                   A        B        C        D        E       F      G
               +--------+--------+--------+--------+--------+-----+--------+
         Total |   6072 |   5636 |    436 |   1060 |   3211 |   6 | 1012.0 |
       Dungeon |   6072 |   5636 |    436 |   1060 |   3211 |   6 | 1012.0 |
               +--------+--------+--------+--------+--------+-----+--------+

Top non-repeatable levels by time:
     D:5: 1645 daAuts
     D:2: 1380 daAuts
     D:3: 1172 daAuts
     D:4: 1002 daAuts
     D:1: 855 daAuts
     D:6: 15 daAuts
